 Dungeon Crawl Stone Soup version 0.30-a0-1157-g2cc9ac7196 (webtiles) character file.

Game seed: 2589598251955883294

434 Newt the Trooper (level 6, -9/51 HPs)
             Began as a Demonspawn Gladiator on Apr 24, 2023.
             Killed by divine providence
             ... invoked by an orc priest
              (13 damage)
             ... on level 4 of the Dungeon.
             The game lasted 00:03:42 (3417 turns).

Newt the Trooper (Demonspawn Gladiator)             Turns: 3417, Time: 00:03:43

Health: -9/51      AC:  3    Str: 17    XL:     6   Next: 68%
Magic:  6/6        EV: 13    Int:  9    God:
Gold:   144        SH:  0    Dex: 14    Spells: 5/5 levels left

rFire   . . .        n - +0 scythe (protect)
rCold   . . .        (shield currently unavailable)
rNeg    . . .        b - +0 leather armour
rPois   .            (helmet restricted)
rElec   .            (no cloak)
rCorr   .            (no gloves)
SInv    .            (no boots)
Will    .....        (no amulet)
Stlth   +            j - ring of flight
HPRegen 0.28/turn    (no ring)
MPRegen 0.10/turn

%: no passive effects
@: flying
A: horns 1, powered by death 2
a: no special abilities


You were on level 4 of the Dungeon.
You visited 1 branch of the dungeon, and saw 4 of its levels.

You collected 144 gold pieces.

Inventory:

Hand Weapons
 a - a +0 rapier
 h - a +3 short sword of draining
 n - a +0 scythe of protection (weapon)
Missiles
 d - 2 throwing nets (quivered)
 g - 28 stones
 l - a javelin
 p - 5 poisoned darts
Armour
 b - a +0 leather armour (worn)
 c - a +1 helmet
Jewellery
 j - a ring of flight (left hand)
Wands
 e - a wand of flame (16)
 s - a wand of paralysis (4)
Scrolls
 o - a scroll of magic mapping
Potions
 f - a potion of flight {unknown}
 i - a potion of attraction {unknown}
 k - a potion of curing {unknown}
 m - a potion of degeneration {unknown}


   Skills:
 + Level 5.1 Fighting
 - Level 2.6 Short Blades
 - Level 4.0 Throwing
 - Level 4.0 Dodging


You had 5 spell levels left.
You didn't know any spells.
Your spell library contained the following spells:

 Spells                   Type           Power      Damage    Failure   Level
 Scorch                   Fire           0%         2d5       58%         2
 Flame Wave               Conj/Fire      0%         2d4       99%         4
 Summon Cactus Giant      Summ           0%         N/A       100%        6


Dungeon Overview and Level Annotations

Branches:
Dungeon (4/15)
 Temple: D:4-7

Altars:
Cheibriados
Vehumet

Annotations:
D:1 2 transporters


Innate Abilities, Weirdness & Mutations

You have a pair of small horns on your head.
You regenerate health from kills.


Message History

You're too confused to aim your attacks!
Unknown command.
You're too confused to aim your attacks!
Unknown command.
You're too confused to attack without stumbling around!
You're too confused to attack without stumbling around!
You're too confused to attack without stumbling around!
You bump into the rock wall.
Something hits you but does no damage.
You bump into the rock wall.
Something hits you.
You miss something. Your headbutt misses something.
You hear some strange, mumbled words.
A puff of flame appears from out of thin air!
The puff of flame hits you!
You bump into the rock wall.
The orc priest looks encouraged for a moment.
You hear some strange, mumbled words.
Something tries to affect you, but you resist.
You miss something.
You feel less confused. Something hits you. x2
* * * LOW HITPOINT WARNING * * *
Reach: n) +0 scythe (protect)
Press: ? - help, Dir - move target, f/p - orc priest
Aim: an orc priest, wielding a +0 hand axe (severely wounded, about 48% to evade your +0 scythe of protection)
You reach to attack!
You closely miss the orc priest.
The orc priest is severely wounded.
You hear some strange, mumbled words.
A magic dart appears from out of thin air!
The magic dart hits you!
* * * LOW HITPOINT WARNING * * *
Unknown command.
Reach: n) +0 scythe (protect)
Press: ? - help, Dir - move target, f/p - orc priest
Aim: an orc priest, wielding a +0 hand axe (severely wounded, about 48% to evade your +0 scythe of protection)
Something you can't see is in the way.
You miss something. Your headbutt misses something. Something hits you.
* * * LOW HITPOINT WARNING * * *
The orc priest invokes the aid of Beogh against you.
Beogh smites you!
You die...

#.######.##.#..#
#..........>..#
########.##.###
#.##.# #.##.###
#.##...#
#......##
######..#####
##..@{o#
#####oKg# #...#
..# .


You could see an orc priest, an orc, a hobgoblin and a kobold.

Vanquished Creatures
  Sigmund (D:3)
  An orc priest (D:3)
  Terence (D:2)
  Ijyb (D:3)
  Robin (D:2)
  3 gnolls (D:3)
  5 adders
  A worm (D:2)
  6 orcs
  4 bats
  6 endoplasms
  6 giant cockroaches
  13 goblins
  6 hobgoblins
  10 jackals
  5 kobolds
  7 ball pythons
  4 frilled lizards
  7 rats
88 creatures vanquished.

Notes
Turn   | Place    | Note
-------+----------+-------------------------------------------
     0 | D:1      | Newt the Demonspawn Gladiator began the quest for the Orb.
     0 | D:1      | Reached XP level 1. HP: 16/16 MP: 1/1
   182 | D:1      | Gained mutation: You regenerate a little health from kills.
                  | [demonic ancestry]
   182 | D:1      | Reached XP level 2. HP: 22/23 MP: 2/2
   311 | D:1      | Reached skill level 3 in Fighting
  1189 | D:2      | Noticed Terence
  1210 | D:2      | Killed Terence
  1211 | D:2      | Reached skill level 4 in Fighting
  1211 | D:2      | Reached XP level 3. HP: 14/30 MP: 3/3
  1313 | D:2      | Gained mutation: You have a pair of small horns on your
                  | head. [demonic ancestry]
  1313 | D:2      | Reached XP level 4. HP: 35/37 MP: 4/4
  1591 | D:2      | Noticed Robin
  1601 | D:2      | Killed Robin
  2293 | D:3      | Noticed Sigmund
  2315 | D:3      | Killed Sigmund
  2316 | D:3      | Gained mutation: You regenerate health from kills. [demonic
                  | ancestry]
  2316 | D:3      | Reached XP level 5. HP: 38/42 MP: 5/5
  2316 | D:3      | Reached XP level 6. HP: 44/48 MP: 6/6
  2358 | D:3      | Found a snail-covered altar of Cheibriados.
  2706 | D:3      | Found a radiant altar of Vehumet.
  3145 | D:3      | Found a faded altar of an unknown god.
  3170 | D:3      | Noticed Ijyb
  3185 | D:3      | Paralysed by Ijyb for 2 turns
  3187 | D:3      | Killed Ijyb
  3188 | D:3      | Reached skill level 5 in Fighting
  3417 | D:4      | Killed from afar by an orc priest

Illustrated notes

Levels and vault maps discovered:
D:1:      spicycebolla_arrival_transporter_tutorial, layout_basic,
          hangedman_decor_diamond_cutter, chequers_serial_rivers_micro_b
D:2:      layout_basic, uniq_terence, uniq_robin
D:3:      layout_loops_corners, pf_just_have_faith, nicolae_vehumet_altar_sigil,
          dilly_ecumenical_altar_fadedgnrine,
          amcnicky_mini_rare_corridor_liquid, uniq_ijyb, uniq_sigmund
D:4:      layout_basic, minmay_temple_entry_nine_rooms

Skill      XL: |  1  2  3  4  5  6 |
---------------+-------------------+-----
Fighting       | 4 5 |  5.1
Throwing       | 2 4 |  4.0
Dodging        | 4 |  4.0
Short Blades   | |  2.6

Action                     |  1- 3 |  4- 6 || total
---------------------------+-------+-------++-------
  Melee: Rapier            |    31 |       ||    31
         Short sword       |    90 |    85 ||   175
         Punch             |     1 |     4 ||     5
         Headbutt          |       |    25 ||    25
         Halberd           |       |   120 ||   120
  Throw: Javelin           |     1 |     1 ||     2
         Throwing net      |     1 |       ||     1
    Use: Scroll            |     2 |     5 ||     7
         Potion            |       |     1 ||     1
   Stab: Held in net/web   |     1 |       ||     1
         Sleeping          |       |     2 ||     2
 Armour: Leather armour    |    26 |    69 ||    95
  Dodge: Dodged            |    51 |   128 ||   179

Table legend: (Time is in decaauts)
 A = Elapsed time spent in this place.
 B = Non-inter-level travel time spent in this place.
 C = Inter-level travel time spent in this place.
 D = Time resting spent in this place.
 E = Time spent auto-exploring this place.
 F = Levels seen in this place.
 G = Mean time per level.
                   A        B        C        D        E       F      G
               +--------+--------+--------+--------+--------+-----+--------+
         Total |   3411 |   3287 |    124 |    566 |   2130 |   4 |  852.8 |
       Dungeon |   3411 |   3287 |    124 |    566 |   2130 |   4 |  852.8 |
               +--------+--------+--------+--------+--------+-----+--------+

Top non-repeatable levels by time:
     D:2: 1194 daAuts
     D:3: 1127 daAuts
     D:1: 991 daAuts
     D:4: 98 daAuts
